 Dungeon Crawl Stone Soup version 0.24.0-37-gcf1ca852f1 (webtiles) character file.

Game seed: 13291228924700803665, levelgen mode: deterministic

3810 Iamsoldier the Transmogrifier (level 9, -5/90 HPs)
             Began as a Black Draconian Transmuter on Nov 27, 2019.
             Was an Elder of Cheibriados.
             Killed from afar by an orc wizard (12 damage)
             ... with a puff of flame
             ... on level 8 of the Dungeon.
             The game lasted 00:22:54 (10277 turns).

Iamsoldier the Transmogrifier (DrTm)               Turns: 10277, Time: 00:22:56

Health: -5/90      AC:  7    Str: 23    XL:     9   Next: 96%
Magic:  10/17      EV: 13    Int: 24    God:    Cheibriados [****..]
Gold:   437        SH:  4    Dex: 21    Spells: 6/19 levels left

rFire    x . .     SeeInvis .     - Unarmed
rCold    + + +     Gourm    .   (shield currently unavailable)
rNeg     + . .     Faith    .   (armour unavailable)
rPois    +         Spirit   .   (helmet currently unavailable)
rElec    .         Reflect  +   (cloak currently unavailable)
rCorr    .         Harm     .   (gloves currently unavailable)
MR       .....                  (boots currently unavailable)
Stlth    ++........             A - +4 amulet of reflection
HPRegen  0.25/turn              q - ring of positive energy
MPRegen  0.15/turn              y - ring of wizardry

@: lethally poisoned (-5 -> -7), ice-form, very slow
A: large, (breathe lightning), unfitting armour, AC +7
a: End Transformation, Bend Time, Temporal Distortion, Slouch, Renounce Religion


You were on level 8 of the Dungeon.
You worshipped Cheibriados.
Cheibriados was greatly pleased with you.
You were hungry.
You were a creature of crystalline ice.
You visited 1 branch of the dungeon, and saw 8 of its levels.
You also visited: Sewer.

You collected 437 gold pieces.

Inventory:

Armour
 m - a +2 cloak
 r - a scarf of resistance (melded)
Jewellery
 i - a cursed amulet of the acrobat
 j - an uncursed ring of resist corrosion
 o - an uncursed ring of see invisible
 q - a ring of positive energy (left front paw)
 y - a ring of wizardry (right front paw)
 A - a +4 amulet of reflection (around neck)
Wands
 u - a wand of flame (13)
 z - a wand of iceblast (8)
Scrolls
 b - 3 scrolls of remove curse
 g - 2 scrolls of enchant armour
 h - 3 scrolls of amnesia {unknown}
 s - 3 scrolls of fear {unknown}
 t - 6 scrolls of teleportation
 v - a scroll of fog {unknown}
 x - a scroll of immolation {unknown}
 C - 2 scrolls of magic mapping {unknown}
Potions
 d - 2 potions of resistance
 e - 4 potions of lignification
 f - 2 potions of flight
 k - a potion of might {unknown}
 l - 2 potions of heal wounds {unknown}
 n - a potion of invisibility {unknown}
 p - a potion of berserk rage
 w - 2 potions of agility
 B - 2 potions of curing {unknown}
 D - a potion of degeneration {unknown}
Comestibles
 a - 5 chunks of flesh
 c - 11 rations


   Skills:
 + Level 6.1 Fighting
 + Level 4.2 Dodging
 * Level 6.5 Unarmed Combat
 + Level 5.6 Spellcasting
 + Level 8.2 Transmutations
 + Level 2.3 Ice Magic
 - Level 4.0 Poison Magic


You had 6 spell levels left.
You knew the following spells:

 Your Spells              Type           Power        Failure   Level  Hunger
a - Beastly Appendage     Tmut           #####.       1%          1    None
b - Spider Form           Tmut/Pois      #####.....   1%          3    #......
c - Blade Hands           Tmut           #####.....   3%          5    #####..
d - Ice Form              Ice/Tmut       ####....     4%          4    ###....

Your spell library contained the following spells:

 Spells                   Type           Power        Failure   Level  Hunger
 Sticks to Snakes         Tmut           #####...     1%          2    None


Dungeon Overview and Level Annotations

Branches:
Dungeon (8/15)             Temple (0/1) D:5           Sewer (visited)
   Lair: D:8-11

Altars:
Cheibriados
Makhleb
Nemelex Xobeh
Ru
Trog
Uskayaw

Shops:
D:7 (


Innate Abilities, Weirdness & Mutations

((You can breathe wild blasts of lightning.))
((Your glossy black scales are hard. (AC +7)))
You cannot fit into any form of body armour.
((You are resistant to electric shocks. (rElec)))
((You are cold-blooded and may be slowed by cold attacks.))


Message History

The killer bee barely misses you. The killer bee stings you.
* * * LOW HITPOINT WARNING * * *
The howler monkey hits you.
* * * LOW HITPOINT WARNING * * *
A worker ant comes into view.
The killer bee stings you.
* * * LOW HITPOINT WARNING * * *
You are poisoned.
The killer bee poisons you!
You feel sick.
The killer bee stings you but does no damage.
The killer bee barely misses you.
You feel sick. The killer bee closely misses you.
The howler monkey hoots and howls with incredible vigour!
The killer bee stings you!
* * * LOW HITPOINT WARNING * * *
You hear some strange, mumbled words.
A puff of flame appears from out of thin air!
The puff of flame hits you! The fire burns you terribly!
You die...

......#.. .....#.# # .
..#.# .## #.#.#.# ....
###### #.#...##...# #....#
#...)h)....#
#....#####{h†#
########....#....y#......#
........).......Y.#..#...#
#.....####....#...#..#


oa# #.(...####....#...#..# .# ...................... .. .############.##.##.#..
. ........ ........#.. .......# ##.##.## # .......# #.##.# ........ You could
see 2 howler monkeys and a killer bee.

Vanquished Creatures
  Joseph (D:8)
  A troll (D:5)
  A hippogriff (D:7)
  Menkaure (D:7)
  Edmund (D:6)
  An ice beast (D:5)
  Purgy (Sewer)
  An orc warrior (D:6)
  A black bear (D:6)
  8 ogres
  A phantom (D:4)
  Blork the orc (D:5)
  3 bullfrogs
  4 killer bees (D:7)
  4 wights (D:6)
  4 howler monkeys
  2 crimson imps
  A centaur zombie (D:5)
  5 orc priests
  Crazy Yiuf (D:2)
  3 hounds
  2 jellies (D:6)
  A centaur skeleton (D:7)
  Ijyb (D:5)
  2 iguanas
  4 orc wizards
  5 worker ants
  9 adders
  A shadow imp (D:7)
  An ooze (D:2)
  An adder zombie (D:5)
  An adder skeleton (D:8)
  6 worms
  A dart slug (D:1)
  3 leopard geckos
  29 orcs
  6 giant cockroaches
  4 goblins
  6 hobgoblins
  14 jackals
  6 kobolds
  2 quokkas
  A ball python (D:6)
  A ball python skeleton (D:4)
  5 bats
  3 frilled lizards
  A quokka zombie (D:6)
  7 rats
  A bush (D:2)
170 creatures vanquished.

Notes
Turn   | Place    | Note
-------+----------+-------------------------------------------
     0 | D:1      | Iamsoldier the Draconian Transmuter began the quest for the
                  | Orb.
     0 | D:1      | Reached XP level 1. HP: 16/16 MP: 3/3
   259 | D:1      | Reached XP level 2. HP: 22/23 MP: 5/5
  1441 | D:2      | Reached XP level 3. HP: 21/29 MP: 6/6
  1446 | D:2      | Learned a level 3 spell: Spider Form
  1703 | D:2      | Found a runed translucent door.
  1704 | D:2      | Noticed Crazy Yiuf
  1713 | D:2      | Killed Crazy Yiuf
  2340 | D:2      | Paralysed by fainting for 8 turns
  2515 | D:2      | Reached XP level 4. HP: 28/36 MP: 5/7
  2577 | D:2      | Reached skill level 3 in Transmutations
  2991 | D:3      | Noticed a +0 hand axe
  2992 | D:3      | Found a hide-covered altar of Uskayaw.
  2992 | D:3      | Noticed a +0 hand axe
  3055 | D:3      | Reached skill level 1 in Poison Magic
  3055 | D:3      | Reached XP level 5. HP: 15/41 MP: 6/8
  3378 | D:3      | Found a snail-covered altar of Cheibriados.
  3676 | D:3      | Became a worshipper of Cheibriados the Contemplative
  4063 | D:4      | Found a glowing drain.
  4099 | D:4      | Reached XP level 6. HP: 26/50 MP: 10/10
  4115 | Sewer    | Entered a sewer
  4529 | Sewer    | Noticed Purgy
  4547 | Sewer    | Killed Purgy
  4547 | Sewer    | Reached skill level 4 in Transmutations
  4873 | D:4      | Found a sacrificial altar of Ru.
  5212 | D:4      | Your scales start taking on a glossy black colour.
  5212 | D:4      | Reached XP level 7. HP: 49/57 MP: 9/11
  5212 | D:4      | Gained mutation: You are resistant to electric shocks.
                  | (rElec) [Black Draconian growth]
  5564 | D:4      | Reached * piety under Cheibriados
  6263 | D:5      | Entered Level 5 of the Dungeon
  6409 | D:5      | Reached skill level 5 in Transmutations
  6804 | D:5      | Learned a level 5 spell: Blade Hands
  6809 | D:5      | Learned a level 4 spell: Ice Form
  6811 | D:5      | Found a bloodstained altar of Trog.
  6995 | D:5      | Noticed a troll
  7001 | D:5      | Reached XP level 8. HP: 63/66 MP: 10/13
  7010 | D:5      | Killed a troll
  7010 | D:5      | Reached skill level 6 in Transmutations
  7158 | D:5      | Reached skill level 5 in Unarmed Combat
  7262 | D:5      | Found a staircase to the Ecumenical Temple.
  7266 | D:5      | Noticed Ijyb
  7272 | D:5      | Noticed Blork the orc
  7283 | D:5      | Killed Ijyb
  7288 | D:5      | Killed Blork the orc
  7419 | D:5      | Reached ** piety under Cheibriados
  7751 | D:5      | Found a burning altar of Makhleb.
  7811 | D:6      | Reached skill level 5 in Fighting
  8233 | D:6      | Noticed Edmund
  8248 | D:6      | Killed Edmund
  8248 | D:6      | Reached skill level 7 in Transmutations
  8248 | D:6      | Reached XP level 9. HP: 48/74 MP: 13/16
  8659 | D:6      | Found a sparkling altar of Nemelex Xobeh.
  8739 | D:6      | Reached *** piety under Cheibriados
  8747 | D:6      | Reached skill level 5 in Spellcasting
  8872 | D:6      | Reached skill level 1 in Ice Magic
  9861 | D:7      | Noticed Menkaure
  9870 | D:7      | Killed Menkaure
  9870 | D:7      | Reached skill level 8 in Transmutations
  9995 | D:7      | Found Waggeock's Antique Weapon Shop.
 10252 | D:8      | Reached **** piety under Cheibriados
 10258 | D:8      | Noticed Joseph
 10269 | D:8      | Killed Joseph
 10277 | D:8      | Killed from afar by an orc wizard

Levels and vault maps discovered:
D:1:      ncdulo_smallfort, layout_loops_ring, patterned_corridor
D:2:      layout_basic, minmay_hedge_maze, grunt_decor_mini_mirrors,
          uniq_crazy_yiuf_cottage
D:3:      lemuel_upstairs_altar, layout_basic, dancing_weapons_uskayaw,
          cheibriados_altar_1
D:4:      layout_basic, lemuel_doored_altar, cheibrodos_sewer_entry_bend
D:5:      layout_rooms, lemuel_crystal_altar, kennysheep_mini_moat,
          minmay_temple_entry_statues_fountains, first_ration, st_stairs_12,
          grunt_decor_arrowhead, tgw_xom, uniq_blork_the_orc, uniq_ijyb
D:6:      layout_loops_ring, nemelex_lonely_heart_becter, uniq_edmund
D:7:      layout_rooms, serial_shops, shop, uniq_menkaure
D:8:      minmay_bloctagon, layout_basic, amethyst_overflow_temple_binary,
          uniq_joseph

Skill      XL: |  1  2  3  4  5  6  7  8  9 |
---------------+----------------------------+-----
Dodging        | 2 3 4 |  4.2
Fighting       | 2 3 4 5 6 |  6.1
Transmutations | 3 4 5 7 8 |  8.2
Poison Magic   | 1 2 3 4 |  4.0
Unarmed Combat | 4 5 6 |  6.5
Spellcasting   | 3 4 5 |  5.6
Ice Magic      | 2 |  2.3

Action                   |  1- 3 |  4- 6 |  7- 9 || total
-------------------------+-------+-------+-------++-------
Melee: Unarmed           |   159 |   201 |   399 ||   759
       Tailslap          |   141 |     9 |    25 ||   175
       Headbutt          |     2 |     1 |     5 ||     8
       Kick              |     4 |     5 |     5 ||    14
       Dagger            |   462 |       |       ||   462
       Punch             |    21 |     4 |     2 ||    27
 Cast: Beastly Appendage |     5 |    10 |     8 ||    23
       Spider Form       |     1 |     7 |    25 ||    33
       Blade Hands       |       |       |     4 ||     4
       Ice Form          |       |       |     3 ||     3
  Use: Scroll            |       |     6 |     2 ||     8
       Potion            |       |     1 |       ||     1
 Stab: Sleeping          |       |     1 |     1 ||     2
  Eat: Chunk             |     3 |    11 |    11 ||    25
       Ration            |     1 |       |       ||     1
Armor: Skin              |    42 |    75 |    52 ||   169
Dodge: Dodged            |    53 |   164 |   316 ||   533
Block: Other             |       |       |    23 ||    23
